 Dungeon Crawl Stone Soup version 0.30-a0-634-g8abc85282e (webtiles) character file.

Game seed: 3230586891381582466

1414 Laraso the Magician (level 9, -4/58 HPs)
             Began as a Djinni Conjurer on Jan 15, 2023.
             Slain by an unseen horror (8 damage)
             ... on level 6 of the Dungeon.
             The game lasted 00:09:10 (5343 turns).

Laraso the Magician (Djinni Conjurer)               Turns: 5343, Time: 00:09:11

Health: -4/58      AC:  8    Str:  9    XL:     9   Next: 2%
Gold:   346        EV: 13    Int: 33    God:
                   SH:  0    Dex: 12

rFire   + + .      SeeInvis .    k - +6 hand axe "Vur Nitip" {heavy, Will- Str+3 Int+9}
rCold   x . .      Faith    .    (no shield)
rNeg    . . .      Spirit   .    b - +2 robe {Will+}
rPois   ∞          Reflect  .    (no helmet)
rElec   .          Harm     .    c - scarf {repulsion}
rCorr   .          Rampage  .    (no gloves)
Will    .....                    (boots unavailable)
Stlth   ++                       (no amulet)
HPRegen 0.29/turn                a - +4 ring of protection
MPRegen 0.00/turn                (no ring)

@: animating dead, flying, repel missiles
A: sickness immunity, fire resistance 2, cold vulnerability 1, float, innate
caster, HP casting, extra vitality 1
a: no special abilities


You were on level 6 of the Dungeon.
You visited 1 branch of the dungeon, and saw 6 of its levels.
You also visited: Ossuary.

You collected 346 gold pieces.

Inventory:

Hand Weapons
 k - the +6 hand axe "Vur Nitip" (weapon) {heavy, Will- Str+3 Int+9}
   (You found it on level 4 of the Dungeon)

   Str:       It affects your strength (+3).
   Int:       It affects your intelligence (+9).
   Will:      It decreases your willpower.
Armour
 b - a +2 robe of willpower (worn)
 c - a scarf of repulsion (worn)
 g - a +0 cloak
Jewellery
 a - a +4 ring of protection (left hand)
 j - a ring of see invisible
 n - a ring of fire
Wands
 t - a wand of charming (7)
Scrolls
 e - 5 scrolls of teleportation
 m - a scroll of blinking
 s - a scroll of enchant weapon
Potions
 d - 3 potions of cancellation
 f - 2 potions of ambrosia
 h - 2 potions of brilliance
 i - a potion of resistance
 l - 2 potions of curing
 o - a potion of haste
 p - a potion of attraction
 q - a potion of might
 r - a potion of berserk rage


   Skills:
 - Level 2.0 Fighting
 - Level 3.0 Armour
 - Level 5.0 Dodging
 - Level 1.5 Stealth
 * Level 7.5 Spellcasting


You couldn't memorise any spells.
You knew the following spells:

 Your Spells              Type           Power      Damage    Failure   Level
a - Magic Dart            Conj           100%       1d8       1%          1
b - Searing Ray           Conj           100%       2d8       1%          2
c - Dazzling Flash        Conj/Hex       100%       N/A       1%          3
d - Fulminant Prism       Conj/Hex       29%        3d14      1%          4
e - Iskenderun's Mystic   Conj/Tloc      58%        2d12      1%          4
f - Summon Small Mammal   Summ           100%       N/A       1%          1
g - Scorch                Fire           100%       2d10      1%          2
h - Lesser Beckoning      Tloc           100%       N/A       1%          3
q - Animate Dead          Necr           58%        N/A       1%          4
Your spell library was empty.

Dungeon Overview and Level Annotations

Branches:
Dungeon (6/15)            Ossuary (visited)
 Temple: D:4-7

Altars:


Innate Abilities, Weirdness & Mutations

You are immune to sickness and miasma.
You are immune to poison.
Your flesh is very heat resistant. (rF++)
You are vulnerable to cold. (rC-)
You float through the air rather than walking.
You learn spells naturally, not from books.
Your magical power is your life essence.
You have superior vitality. (+4 MHP)


Message History

Aiming: Fulminant Prism (dangerous; 1% risk of failure)
Press: ? - help, Dir - move target You conjure a prism of explosive energy!
A fulminant prism comes into view.
Something barely misses you. Something hits you but does no damage.
Your fulminant prism crackles loudly.
Something hits you but does no damage. Something barely misses you.
Your fulminant prism explodes!
You hear a shout! x4
Casting: Fulminant Prism (dangerous; 1% risk of failure)
Confirm with . or Enter, or press ? or * to list all spells.
Aiming: Fulminant Prism (dangerous; 1% risk of failure)
Press: ? - help, Dir - move target You conjure a prism of explosive energy!
A fulminant prism comes into view.
Something hits your fulminant prism. Something hits your fulminant prism!
Your fulminant prism crackles loudly.
Something hits you!
Your fulminant prism explodes!
The blast of energy engulfs something!!
Casting: Fulminant Prism (dangerous; 1% risk of failure)
Confirm with . or Enter, or press ? or * to list all spells.
Aiming: Fulminant Prism (dangerous; 1% risk of failure)
Press: ? - help, Dir - move target You conjure a prism of explosive energy!
* * * LOW HITPOINT WARNING * * *
A fulminant prism comes into view.
Something hits you but does no damage. Something hits you.
* * * LOW HITPOINT WARNING * * *
Your fulminant prism crackles loudly.
You miss something. Something hits you.
* * * LOW HITPOINT WARNING * * *
Something hits you!
* * * LOW HITPOINT WARNING * * *
Your fulminant prism explodes!
You hear a shout! x2
Something hits you!
You die...

........# ........#
........######
.............#
.............#
#########..>.∩#
#.......#.....#
#.......#.....#
........+.@...# ....
........#.....#
.....##.......#.....#
.....##.......#.....#
.....##.......'.....#
.....##.......#.....#
..............#.>...#
..............#.....#
..............#<....#


There were no monsters in sight!

Vanquished Creatures
  Menkaure (Ossuary)
  Duvessa (D:4)
  2 water moccasins
  An ogre (D:5)
  A centaur (D:6)
  A phantom (D:6)
  2 scorpions
  A bullfrog (D:6)
  Dowan (D:4)
  3 hounds
  A jelly (D:4)
  2 orc priests
  An iguana (D:4)
  3 orc wizards
  3 mummies (Ossuary)
  3 gnolls (D:4)
  5 adders
  A white imp (D:6)
  2 dart slugs (D:4)
  9 orcs
  5 ball pythons
  11 endoplasms
  2 giant cockroaches
  4 goblins
  8 hobgoblins
  8 jackals
  7 kobolds
  A quokka (D:4)
  3 bats (D:2)
  4 frilled lizards
  4 gnoll skeletons (Ossuary)
  6 gnoll zombies (Ossuary)
  3 goblin skeletons (Ossuary)
  5 goblin zombies (Ossuary)
  2 hobgoblin skeletons (Ossuary)
  3 hobgoblin zombies (Ossuary)
  4 kobold skeletons (Ossuary)
  5 kobold zombies (Ossuary)
  4 orc skeletons (Ossuary)
  2 orc zombies (Ossuary)
  9 rats
  8 rat skeletons (Ossuary)
  4 rat zombies (Ossuary)
156 creatures vanquished.

Vanquished Creatures (others)
  14 fulminant prisms
14 creatures vanquished.

Grand Total: 170 creatures vanquished

Notes
Turn   | Place    | Note
-------+----------+-------------------------------------------
     0 | D:1      | Laraso the Djinni Conjurer began the quest for the Orb.
     0 | D:1      | Laraso set off with the following spells memorised: Magic
                  | Dart, Searing Ray, Dazzling Flash, Fulminant Prism,
                  | Iskenderun's Mystic Blast.
     0 | D:1      | Reached XP level 1. HP: 15/15 MP: 0/0
   250 | D:1      | Reached XP level 2. HP: 18/21 MP: 0/0
   842 | D:2      | Reached XP level 3. HP: 23/25 MP: 0/0
   842 | D:2      | Learned a level 1 spell: Summon Small Mammal
   962 | D:2      | Reached skill level 4 in Spellcasting
  1445 | D:3      | Reached XP level 4. HP: 29/31 MP: 0/0
  2097 | D:4      | Reached XP level 5. HP: 30/35 MP: 0/0
  2097 | D:4      | Learned a level 2 spell: Scorch
  2160 | D:4      | Reached skill level 5 in Spellcasting
  2166 | D:4      | Reached XP level 6. HP: 29/43 MP: 0/0
  2269 | D:4      | Identified the +6 hand axe "Vur Nitip" {heavy, Will- Str+3
                  | Int+9}
  2347 | D:4      | Noticed Duvessa
  2356 | D:4      | Killed Duvessa
  2357 | D:4      | Noticed Dowan
  2362 | D:4      | Killed Dowan
  2363 | D:4      | Reached XP level 7. HP: 19/49 MP: 0/0
  2363 | D:4      | Learned a level 3 spell: Lesser Beckoning
  2466 | D:4      | Found a sand-covered staircase.
  2476 | Ossuary  | Entered an ossuary
  2824 | Ossuary  | Noticed Menkaure
  2829 | Ossuary  | Killed Menkaure
  2830 | Ossuary  | Reached skill level 6 in Spellcasting
  2853 | Ossuary  | Reached skill level 1 in Armour
  3433 | D:5      | Entered Level 5 of the Dungeon
  3463 | D:5      | Noticed a water moccasin
  3469 | D:5      | Killed a water moccasin
  3470 | D:5      | Reached XP level 8. HP: 43/54 MP: 0/0
  3622 | D:5      | Reached skill level 5 in Dodging
  4808 | D:6      | Reached skill level 7 in Spellcasting
  4951 | D:6      | Reached XP level 9. HP: 55/58 MP: 0/0
  4951 | D:6      | Learned a level 4 spell: Animate Dead
  5343 | D:6      | Slain by an unseen horror

Illustrated notes

Levels and vault maps discovered:
D:1:      giann_wishing_wells, layout_loops_ring, minivault_14,
          chequers_arboretum, st_stairs_7
D:2:      layout_basic
D:3:      layout_loops_corners
D:4:      layout_cave_pools, nicolae_ossuary_entry_ruins, uniq_duvessa
D:5:      layout_loops_corners, uniq_menkaure
D:6:      layout_gridville, abandoned_shop

Skill      XL: |  1  2  3  4  5  6  7  8 |
---------------+-------------------------+-----
Spellcasting   | 4 5 6 7 |  7.5
Fighting       | 2 |  2.0
Dodging        | 4 5 |  5.0
Armour         | 3 |  3.0
Stealth        | |  1.5

Action                   |  1- 3 |  4- 6 |  7- 9 || total
-------------------------+-------+-------+-------++-------
Melee: Hand axe          |       |       |    47 ||    47
       Punch             |       |       |     1 ||     1
 Cast: Magic Dart        |    63 |    58 |    50 ||   171
       Searing Ray       |       |     4 |    28 ||    32
       Scorch            |       |     5 |       ||     5
       Fulminant Prism   |       |     1 |    13 ||    14
       Lesser Beckoning  |       |       |     2 ||     2
       Summon Small Mamm |       |       |     1 ||     1
       Animate Dead      |       |       |     3 ||     3
  Use: Scroll            |     9 |     1 |     9 ||    19
Armor: Robe              |     3 |       |    21 ||    24
Dodge: Dodged            |     3 |    12 |    64 ||    79
       Repelled          |       |     1 |       ||     1

Table legend: (Time is in decaauts)
 A = Elapsed time spent in this place.
 B = Non-inter-level travel time spent in this place.
 C = Inter-level travel time spent in this place.
 D = Time resting spent in this place.
 E = Time spent auto-exploring this place.
 F = Levels seen in this place.
 G = Mean time per level.
                   A        B        C        D        E       F      G
               +--------+--------+--------+--------+--------+-----+--------+
         Total |   5382 |   5155 |    227 |    521 |   3783 |   7 |  768.9 |
       Dungeon |   4841 |   4614 |    227 |    371 |   3678 |   6 |  806.8 |
       Ossuary |    541 |    541 |      0 |    150 |    105 |   1 |  541.0 |
               +--------+--------+--------+--------+--------+-----+--------+

Top non-repeatable levels by time:
     D:5: 1191 daAuts
     D:3: 912 daAuts
     D:4: 838 daAuts
     D:6: 723 daAuts
     D:1: 703 daAuts
 Ossuary: 541 daAuts
     D:2: 472 daAuts
